 Dungeon Crawl Stone Soup version 0.31-a0-182-gc5ef74bbde (webtiles) character file.

Game seed: 1882883285392163008

502 Hajna the Stinger (level 7, -3/72 HPs)
             Began as a Human Wanderer on June 21, 2023.
             Was an Initiate of Dithmenos.
             Slain by a mummy (9 damage)
             ... in an ossuary.
             The game lasted 00:23:07 (4910 turns).

Hajna the Stinger (Human Wanderer)                  Turns: 4910, Time: 00:23:07

Health: -3/72      AC: 23    Str: 10    XL:     7   Next: 40%
Magic:  0/10       EV:  2    Int: 10    God:    Dithmenos [......]
Gold:   173        SH:  0    Dex: 19    Spells: 4/10 levels left

rFire   + . .        e - +3 dagger
rCold   x . .        (no shield)
rNeg    + . .        d - melded +2 leather armour
rPois   +            (helmet currently unavailable)
rElec   .            (cloak currently unavailable)
rCorr   .            i - melded +0 pair of gloves
SInv    .            (boots currently unavailable)
Will    .....        g - amulet of guardian spirit
Stlth   +++          o - ring of fire
HPRegen 0.32/turn    w - ring of positive energy
MPRegen 0.12/turn

%: guardian spirit
@: tree-form
A: stationary, stasis, torment immunity, boosted hp
a: Renounce Religion


You were in an ossuary.
You worshipped Dithmenos.
Dithmenos was noncommittal.
You were a tree.
You visited 2 branches of the dungeon, and saw 6 of its levels.
You also visited: Ossuary.

You collected 173 gold pieces.

Inventory:

Hand Weapons
 a - a +0 dagger
 e - a +3 dagger (weapon)
Missiles
 f - 9 javelins
 j - 2 atropa-tipped darts
 r - 4 silver boomerangs (quivered)
 t - 4 poisoned darts
Armour
 d - a +2 leather armour (melded)
 i - a +0 pair of gloves (melded)
Magical Staves
 m - a staff of fire
Jewellery
 g - an amulet of guardian spirit (around neck)
 n - an amulet of magic regeneration
 o - a ring of fire (left branch)
 q - a ring of ice
 w - a ring of positive energy (right branch)
Scrolls
 b - 3 scrolls of teleportation
 h - a scroll of poison
 k - a scroll of blinking
Potions
 c - a potion of attraction
 s - a potion of magic


   Skills:
 + Level 1.4 Fighting
 + Level 2.0 Short Blades
 + Level 1.4 Throwing
 + Level 2.1 Armour
 + Level 3.6 Dodging
 * Level 3.0 Stealth
 + Level 0.2 Unarmed Combat
 + Level 2.3 Spellcasting
 * Level 2.9 Translocations
 + Level 1.2 Transmutations
 + Level 4.5 Poison Magic


You had 4 spell levels left.
You knew the following spells:

 Your Spells              Type           Power      Damage    Failure   Level
a - Sting                 Tmut/Pois      28%        1d4       9%          1
b - Blink                 Tloc           14%        N/A       14%         2
c - Spider Form           Tmut/Pois      7%         N/A       26%         3

Your spell library contained the following spells:

 Spells                   Type           Power      Damage    Failure   Level
 Manifold Assault         Tloc           7%         N/A       65%         4
 Summon Ice Beast         Ice/Summ       1%         N/A       96%         4
 Summon Mana Viper        Hex/Summ       1%         N/A       100%        5
 Monstrous Menagerie      Summ           0%         N/A       100%        7
 Storm Form               Tmut/Air       1%         N/A       100%        7


Dungeon Overview and Level Annotations

Branches:
Dungeon (5/15)             Temple (1/1) D:4         Ossuary (1/1)

Altars:
Ashenzari
Dithmenos
Elyvilon
Fedhas
Gozag
Qazlal
Ru
Sif Muna
Uskayaw
Vehumet
Xom
Zin

Shops:
D:1 [

Annotations:
D:4 Natasha, Pikel


Message History

The mummy is moderately damaged.
Throw: 4 boomerangs (silver)
Press: ? - help, Q - select action, (/) - cycle Shift-Dir - straight line, f/p - mummy
Aim: a mummy (moderately damaged, 75% to hit)
You throw a silver boomerang.
The silver boomerang hits the mummy but does no damage.
The mummy is moderately damaged.
There is a gate leading back out of this place here.
It was a potion of lignification.
You turn into a tree.
Your +0 pair of gloves melds into your body.
Your +2 leather armour melds into your body.
Your roots penetrate the ground.
You hit the mummy.
The mummy is lightly damaged.
You hit the mummy.
The mummy is heavily damaged.
The mummy hits you. The mummy hits you but does no damage. The mummy hits you!
* * * LOW HITPOINT WARNING * * *
You barely miss the mummy.
The mummy is heavily damaged.
You hit the mummy.
The mummy is heavily damaged.
The mummy hits you but does no damage. The mummy hits you.
* * * LOW HITPOINT WARNING * * *
The mummy hits you but does no damage.
The air fills with toxic fumes!
As you read the scroll labelled YLEEMAZ PYEGUDGH, it crumbles to dust.
It was a scroll of poison.
As you read the scroll labelled LIEHAH TI LOT, it crumbles to dust.
You hear a loud clanging noise!
It was a scroll of noise.
The mummy hits you but does no damage. x2
The mummy hits you!
* * * LOW HITPOINT WARNING * * *
You hit the mummy.
The mummy is severely damaged.
You hit the mummy. You punch the mummy.
You destroy the mummy!
Dithmenos accepts your kill. The mummy hits you!
You die...

###
######§§#
#§§M§§§##
+§♣.§§§§#
#§§M§§§##
######§§#
###


You could see 2 mummies.

Vanquished Creatures
  An ogre (D:4)
  A phantom (D:4)
  A scorpion (D:4)
  A howler monkey (D:4)
  A hound (D:4)
  Natasha (twice) (D:4)
  A mummy (Ossuary)
  4 adders
  An ufetubus (D:4)
  2 worms
  3 dart slugs
  14 orcs
  4 endoplasms
  8 giant cockroaches
  11 goblins
  2 hobgoblins
  7 jackals
  8 quokkas
  4 ball pythons
  7 bats
  4 frilled lizards
  9 kobolds
  6 rats
102 creatures vanquished.

Notes
Turn   | Place    | Note
-------+----------+-------------------------------------------
     0 | D:1      | Hajna the Human Wanderer began the quest for the Orb.
     0 | D:1      | Hajna set off with the following items: a +0 dagger, a
                  | scroll of teleportation, a potion of attraction, a +2
                  | leather armour; and the following spell memorised: Sting;
                  | and the following spells available to memorise: Spider
                  | Form.
     0 | D:1      | Reached XP level 1. HP: 15/15 MP: 2/2
    28 | D:1      | Found Estric's Armour Shoppe.
   182 | D:1      | Reached XP level 2. HP: 11/21 MP: 1/3
   230 | D:1      | Learned a level 2 spell: Blink
   460 | D:1      | Reached XP level 3. HP: 26/26 MP: 4/4
  1531 | D:2      | Reached skill level 1 in Stealth
  1776 | D:2      | Reached XP level 4. HP: 11/32 MP: 1/5
  2041 | D:2      | Reached skill level 1 in Translocations
  2196 | D:2      | Found a glowing silver altar of Zin.
  2871 | D:3      | Reached XP level 5. HP: 32/37 MP: 5/7
  3336 | D:3      | Found a blossoming altar of Fedhas.
  3379 | D:3      | Reached skill level 1 in Transmutations
  3962 | D:4      | Noticed a phantom
  4024 | D:4      | Killed a phantom
  4025 | D:4      | Reached skill level 1 in Short Blades
  4025 | D:4      | Reached XP level 6. HP: 20/43 MP: 8/8
  4029 | D:4      | Learned a level 3 spell: Spider Form
  4177 | D:4      | Found a radiant altar of Vehumet.
  4207 | D:4      | Noticed Natasha
  4208 | D:4      | Noticed an ogre
  4270 | D:4      | Killed Natasha
  4298 | D:4      | Killed an ogre
  4354 | D:4      | Noticed Natasha
  4364 | D:4      | Killed Natasha
  4382 | D:4      | Reached XP level 7. HP: 48/48 MP: 10/10
  4399 | D:4      | Reached skill level 1 in Throwing
  4500 | D:4      | Found a staircase to the Ecumenical Temple.
  4508 | Temple   | Entered the Ecumenical Temple
  4508 | Temple   | Found a transporter.
  4508 | Temple   | Found a transporter.
  4510 | Temple   | Found a transporter.
  4510 | Temple   | Found a transporter.
  4560 | Temple   | Became a worshipper of Dithmenos the Shadowed
  4795 | D:4      | Found a shimmering altar of Xom.
  4818 | D:4      | Noticed Pikel
  4831 | D:4      | Noticed Natasha
  4861 | D:5      | Entered Level 5 of the Dungeon
  4884 | D:5      | Found a sand-covered staircase.
  4896 | Ossuary  | Entered an ossuary
  4910 | Ossuary  | Slain by a mummy

Illustrated notes

Levels and vault maps discovered:
D:1:      tarquinn_simple_flora_water_f, layout_basic, serial_shops, shop,
          minmay_tall_x
D:2:      minmay_skewed_foursquare, layout_loops_corners, basic_altar,
          minmay_octomino_e4
D:3:      layout_loops_corners, fedhas_altar_1, serial_rivers,
          chequers_serial_rivers_micro_a, chequers_serial_rivers_large_a,
          chequers_serial_rivers_small_3, chequers_serial_rivers_small_b,
          chequers_serial_rivers_micro_a, chequers_serial_rivers_micro_c,
          minmay_pentangle
D:4:      layout_loops_ring, kennysheep_mini_moat, vehumet_crystals,
          minmay_temple_entry_glassed_door, uniq_pikel, uniq_natasha
D:5:      corexii_shack_village, layout_basic, enter_ossuary_4,
          serial_bayou_pond_c, uniq_ijyb
Temple:   hellmonk_temple_divided_pantheon
Ossuary:  ossuary_minmay_chase

Skill      XL: |  1  2  3  4  5  6  7 |
---------------+----------------------+-----
Stealth        | 1 2 3 |  3.0
Translocations | 1 2 |  2.9
Transmutations | 1 |  1.2
Short Blades   | 1 2 |  2.0
Armour         | 2 |  2.1
Spellcasting   | 2 |  2.3
Throwing       | 1 |  1.4
Fighting       | |  1.4
Dodging        | |  3.6
Unarmed Combat | |  0.2
Poison Magic   | |  4.5

Action                     |  1- 3 |  4- 6 |  7- 9 || total
---------------------------+-------+-------+-------++-------
  Melee: Dagger            |   169 |   153 |    94 ||   416
         Punch             |     1 |     2 |     1 ||     4
         Unarmed           |       |     5 |       ||     5
  Throw: Javelin           |       |    11 |    17 ||    28
         Dart              |       |     8 |     2 ||    10
         Boomerang         |       |       |     5 ||     5
   Cast: Sting             |    13 |    31 |       ||    44
         Blink             |       |     7 |     1 ||     8
         Spider Form       |       |     1 |       ||     1
    Use: Potion            |     3 |     1 |     4 ||     8
         Scroll            |       |     8 |     2 ||    10
   Stab: Sleeping          |     2 |     4 |     1 ||     7
         Distracted        |       |     1 |       ||     1
 Armour: Leather armour    |    66 |    55 |    18 ||   139
         Skin              |       |       |     5 ||     5
  Dodge: Dodged            |   132 |   142 |    79 ||   353

Table legend: (Time is in decaauts)
 A = Elapsed time spent in this place.
 B = Non-inter-level travel time spent in this place.
 C = Inter-level travel time spent in this place.
 D = Time resting spent in this place.
 E = Time spent auto-exploring this place.
 F = Levels seen in this place.
 G = Mean time per level.
                   A        B        C        D        E       F      G
               +--------+--------+--------+--------+--------+-----+--------+
         Total |   4936 |   4717 |    219 |      0 |   3649 |   7 |  705.1 |
       Dungeon |   4855 |   4696 |    159 |      0 |   3649 |   5 |  971.0 |
        Temple |     67 |      7 |     60 |      0 |      0 |   1 |   67.0 |
       Ossuary |     13 |     13 |      0 |      0 |      0 |   1 |   13.0 |
               +--------+--------+--------+--------+--------+-----+--------+

Top non-repeatable levels by time:
     D:2: 1372 daAuts
     D:1: 1348 daAuts
     D:3: 1120 daAuts
     D:4: 980 daAuts
  Temple: 67 daAuts
     D:5: 33 daAuts
 Ossuary: 13 daAuts
